 Dungeon Crawl Stone Soup version 0.23-a0-182-g58cdd98 (webtiles) character file.

10534 DudePakas the Cleaver (level 11, 77/95 HPs)
             Began as a Hill Orc Fighter on Sept 5, 2018.
             Was a Priest of the Shining One.
             Quit the game on level 10 of the Dungeon on Sept 19, 2018.
             The game lasted 00:30:17 (8827 turns).

DudePakas the Cleaver (Hill Orc Fighter)            Turns: 8827, Time: 00:30:17

Health: 77/95      AC: 19    Str: 26    XL:     11   Next: 63%
Magic:  19/19      EV:  8    Int:  8    God:    the Shining One [***...]
Gold:   497        SH: 12    Dex: 12    Spells: 10/10 levels left

rFire    . . .     SeeInvis .   a - +1 war axe
rCold    . . .     Gourm    .   c - +1 shield
rNeg     + . .     Faith    .   s - +0 plate armour (curse)
rPois    .         Spirit   .   k - +2 hat {MR+}
rElec    +         Reflect  .   l - +0 cloak
rCorr    .         Harm     .   b - +1 pair of gloves
MR       ++...                  (no boots)
Stlth    ..........             (no amulet)
HPRegen  0.25/turn              m - ring of protection from magic
MPRegen  0.16/turn              y - ring of Knowledge {Wiz rElec Str+3 Dex+2}

@: glowing
A: no striking features
a: Divine Shield, Renounce Religion


You were on level 10 of the Dungeon.
You worshipped the Shining One.
The Shining One was most pleased with you.
You were not hungry.

You visited 1 branch of the dungeon, and saw 10 of its levels.

You collected 497 gold pieces.

Inventory:

Hand Weapons
 a - a +1 war axe (weapon)
 z - a +0 morningstar
Missiles
 t - a throwing net (quivered)
Armour
 b - a +1 pair of gloves (worn)
 c - a +1 shield (worn)
 k - a +2 hat of magic resistance (worn)
 l - a +0 cloak (worn)
 s - a cursed +0 plate armour (worn)
Jewellery
 m - a ring of protection from magic (left hand)
 x - an uncursed ring of resist corrosion
 y - the ring of Knowledge (right hand) {Wiz rElec Str+3 Dex+2}
   (You found it on level 7 of the Dungeon)

   [ring of wizardry]

   It improves your spell success rate.
   It affects your strength (+3).
   It affects your dexterity (+2).
   It insulates you from electricity.
Wands
 e - a wand of iceblast (3)
 C - a wand of paralysis (12)
Scrolls
 g - 3 scrolls of blinking
 j - 8 scrolls of remove curse
 o - 3 scrolls of fear
 q - a scroll of fog
 r - 2 scrolls of teleportation
 v - 2 scrolls of enchant weapon
 E - a scroll of enchant armour
 F - a scroll of amnesia {unknown}
Potions
 d - 2 potions of might
 h - 2 potions of degeneration
 i - 2 potions of curing
 n - a potion of lignification
 p - 5 potions of agility
 u - a potion of flight
 w - a potion of brilliance {unknown}
 A - 2 potions of invisibility
 B - a potion of magic {unknown}
 D - a potion of heal wounds {unknown}
Comestibles
 f - 19 rations
 G - 5 chunks of flesh


   Skills:
 + Level 8.7 Fighting
 * Level 12.0 Axes
 + Level 7.7 Armour
 + Level 5.1 Dodging
 + Level 7.7 Shields
 * Level 11.5 Invocations


You had 10 spell levels left.
You didn't know any spells.
Your spell library contained the following spells:

 Spells                   Type           Power        Failure   Level  Hunger
 Confusing Touch          Hex            #.....       99%         1    ##.....
 Confuse                  Hex            #.......     100%        3    ####...
 Gell's Gravitas          Tloc           #.........   100%        3    ####...
 Petrify                  Tmut/Erth      #.......     100%        4    #####..
 Metabolic Englaciation   Hex/Ice        #.........   100%        5    ######.
 Yara's Violent Unravell  Hex/Tmut       #.........   100%        5    ######.


Dungeon Overview and Level Annotations

Branches:
Dungeon (10/15)            Temple (0/1) D:4            Lair (0/6) D:9
    Orc: D:9-12

Altars:
Ashenzari
Cheibriados
Dithmenos
Gozag
Qazlal
Ru
Sif Muna
Vehumet
Xom
The Shining One

Shops:
D:9 [


Message History

No target in view!
No target in view!
You start resting.
An ogre comes into view. It is wielding a giant spiked club.
An ogre is nearby!
Saving game... please wait.
Welcome back, DudePakas the Hill Orc Fighter.
The Shining One says: Lead the forces of light to victory!
Press ? for a list of commands and other information.
Unknown command.
Unknown command.
Quiver which item? (- for none, * to show all) (? for menu, Esc to quit)
That's the wrong kind of item! (Use * to select it.) Quiver which item? (- for none, * to show all) (? for menu, Esc to quit)
That's the wrong kind of item! (Use * to select it.) Quiver which item? (- for none, * to show all) (? for menu, Esc to quit)
That's the wrong kind of item! (Use * to select it.) Quiver which item? (- for none, * to show all) (? for menu, Esc to quit)
Okay, then.
Are you sure you want to abandon this character and quit the game? (Confirm

#..... ##.........O...##
##.....(..........
##.................
##..................
##...................
##....................
##.......≈.(....)......
##.......≈≈≈..((@#...
........≈≈≈≈≈(........^.
##<......≈≈≈............
..........≈÷...........^
....##................^.
...#............?..^....
..#.....................
###....%............^...
##.................


You could see an ogre (wandering).

Vanquished Creatures
  Gastronok (D:10)
  Harold (D:9)
  A two-headed ogre (D:9)
  Erica (D:8)
  An unseen horror (D:9)
  Pikel (D:8)
  A komodo dragon (D:9)
  3 trolls
  2 hornets (D:8)
  A hippogriff (D:10)
  A vampire (D:9)
  Menkaure (D:6)
  A soldier ant (D:8)
  2 water moccasins
  5 orc warriors
  An ice beast (D:9)
  A phantom (D:9)
  4 ogres
  7 centaurs
  4 big kobolds
  2 bullfrogs
  A wyvern zombie (D:10)
  2 scorpions
  2 killer bees (D:9)
  3 wights (D:9)
  8 howler monkeys
  4 crimson imps
  2 hounds
  A quasit (D:5)
  4 jellies
  8 orc wizards
  A bullfrog skeleton (D:4)
  7 orc priests
  An iguana (D:9)
  10 worker ants
  A hound skeleton (D:8)
  A worker ant zombie (D:5)
  A gnoll (D:1)
  2 howler monkey skeletons
  6 adders
  2 shadow imps
  An ooze (D:3)
  An adder zombie (D:7)
  5 worms
  2 dart slugs
  4 leopard geckos
  25 orcs
  5 giant cockroaches
  3 goblins
  5 hobgoblins
  14 jackals
  30 kobolds
  5 quokkas
  4 ball pythons
  5 bats
  4 frilled lizards
  2 rats
224 creatures vanquished.

Vanquished Creatures (others)
  A hound (D:8)
  8 plants (D:9)
9 creatures vanquished.

Grand Total: 233 creatures vanquished

Notes
Turn   | Place    | Note
-------+----------+-------------------------------------------
     0 | D:1      | DudePakas the Hill Orc Fighter began the quest for the Orb.
     0 | D:1      | Reached XP level 1. HP: 19/19 MP: 1/1
     2 | D:1      | Noticed a halfling
     4 | D:1      | Noticed a centaur
     4 | D:1      | Noticed a demonspawn
     6 | D:1      | Noticed a vine stalker
     6 | D:1      | Noticed a spriggan
     8 | D:1      | Noticed a naga
     8 | D:1      | Noticed a ghoul
    10 | D:1      | Noticed an octopode
    12 | D:1      | Noticed a draconian
    12 | D:1      | Noticed a felid
    14 | D:1      | Noticed a troll
    14 | D:1      | Noticed an elf
    16 | D:1      | Noticed a tengu
    16 | D:1      | Noticed a demigod
    18 | D:1      | Noticed a dwarf
    18 | D:1      | Noticed a human
    20 | D:1      | Noticed a minotaur
    20 | D:1      | Noticed a vampire
    22 | D:1      | Noticed a merfolk
    22 | D:1      | Noticed a formicid
    24 | D:1      | Noticed a gargoyle
    24 | D:1      | Noticed an ogre
   177 | D:1      | Reached skill level 3 in Axes
   190 | D:1      | Reached XP level 2. HP: 22/27 MP: 2/2
   345 | D:1      | Found a glowing golden altar of the Shining One.
   642 | D:1      | Became a worshipper of the Shining One
   821 | D:2      | Reached XP level 3. HP: 21/33 MP: 3/3
  1126 | D:2      | Reached skill level 1 in Invocations
  1516 | D:3      | Reached skill level 1 in Dodging
  1518 | D:3      | Reached XP level 4. HP: 35/40 MP: 4/4
  1951 | D:3      | Reached skill level 4 in Axes
  2172 | D:4      | Reached * piety under the Shining One
  2172 | D:4      | Reached XP level 5. HP: 42/46 MP: 6/6
  2256 | D:5      | Entered Level 5 of the Dungeon
  2355 | D:4      | Reached XP level 6. HP: 51/53 MP: 8/8
  2367 | D:4      | Found a snail-covered altar of Cheibriados.
  2391 | D:4      | Found a staircase to the Ecumenical Temple.
  2407 | D:4      | Reached skill level 5 in Axes
  2517 | D:4      | Found a shimmering altar of Xom.
  3138 | D:4      | Found a deep blue altar of Sif Muna.
  3250 | D:5      | Reached XP level 7. HP: 60/60 MP: 8/10
  3683 | D:6      | Reached skill level 5 in Fighting
  3740 | D:6      | Reached skill level 6 in Axes
  3746 | D:6      | Reached skill level 5 in Invocations
  3753 | D:6      | Reached XP level 8. HP: 13/68 MP: 10/12
  4120 | D:6      | Noticed Menkaure
  4125 | D:6      | Killed Menkaure
  4135 | D:6      | Reached skill level 7 in Axes
  4281 | D:6      | Reached ** piety under the Shining One
  4286 | D:6      | Reached skill level 5 in Shields
  4321 | D:6      | Reached skill level 5 in Armour
  4897 | D:7      | Reached XP level 9. HP: 75/75 MP: 14/14
  4964 | D:6      | Reached skill level 8 in Axes
  5628 | D:7      | Got a heavily runed golden ring
  5631 | D:7      | Identified the ring of Knowledge {Wiz rElec Str+3 Dex+2}
                  | (You found it on level 7 of the Dungeon)
  6049 | D:8      | Found a radiant altar of Vehumet.
  6049 | D:8      | Found a shattered altar of Ashenzari.
  6123 | D:8      | Noticed a hornet
  6129 | D:8      | Killed a hornet
  6129 | D:8      | Reached skill level 9 in Axes
  6130 | D:8      | Noticed a hornet
  6135 | D:8      | Paralysed by a hornet for 1 turns
  6136 | D:8      | Killed a hornet
  6486 | D:8      | Found a sacrificial altar of Ru.
  6666 | D:8      | Found a shadowy altar of Dithmenos.
  6687 | D:8      | Noticed Erica
  6688 | D:8      | Found an opulent altar of Gozag.
  6694 | D:8      | Killed Erica
  6694 | D:8      | Reached XP level 10. HP: 86/86 MP: 16/16
  6742 | D:8      | Noticed Pikel
  6756 | D:8      | Killed Pikel
  6756 | D:8      | Reached skill level 10 in Axes
  6836 | D:8      | Found a stormy altar of Qazlal.
  7109 | D:9      | Noticed an unseen horror
  7136 | D:9      | Killed an unseen horror
  7233 | D:9      | Reached skill level 10 in Invocations
  7451 | D:9      | Found Nyosolar's Antique Armour Shoppe.
  7656 | D:9      | Reached *** piety under the Shining One
  7714 | D:9      | Found a staircase to the Lair.
  7769 | D:9      | Reached skill level 11 in Axes
  7813 | D:9      | Reached XP level 11. HP: 77/94 MP: 18/18
  7890 | D:9      | Noticed a two-headed ogre
  7901 | D:9      | Killed a two-headed ogre
  7993 | D:9      | Noticed Harold
  8004 | D:9      | Killed Harold
  8026 | D:10     | Entered Level 10 of the Dungeon
  8414 | D:10     | Noticed Gastronok
  8471 | D:10     | Killed Gastronok
  8471 | D:10     | Reached skill level 5 in Dodging
  8813 | D:10     | Reached skill level 12 in Axes
  8827 | D:10     | Upgraded the game from 0.23-a0-143-g1adec7b to
                  | 0.23-a0-182-g58cdd98
  8827 | D:10     | Quit the game

Vault maps used:
D:1:      kb_arrival_jail, tso_altar
D:2:      kennysheep_generic_room_6
D:4:      nicolae_overflow_crystal_walls, lemuel_blue_sif_altar,
          kennysheep_slug_shrine, temple_fountains
D:5:      first_ration
D:6:      minmay_opposing_rooms, minmay_misc_feat_cross, uniq_menkaure
D:8:      overflow_temple_1_default, marbit_many_paths,
          chequers_temple_overflow_statue_of_worship,
          nicolae_ru_sacrificial_ziggurat, hangedman_pestilent_swarm,
          nicolae_dithmenos_through_a_glass_darkly, uniq_erica, uniq_pikel
D:9:      david_lair_shrubbed, serial_shops, shop, uniq_harold
D:10:     minmay_misc_feat_chi, minmay_misc_feat_hallway, minmay_holes,
          uniq_gastronok

Skill      XL: |  1  2  3  4  5  6  7  8  9 10 11 |
---------------+----------------------------------+-----
Axes           | 3 4 5 6 7 9 11 12 | 12.0
Invocations    | 1 2 3 4 5 6 9 10 11 | 11.5
Fighting       | 4 5 6 7 8 |  8.7
Dodging        | 1 2 3 4 5 |  5.1
Armour         | 4 5 6 7 |  7.7
Shields        | 4 5 6 7 |  7.7

Action                   |  1- 3 |  4- 6 |  7- 9 | 10-12 || total
-------------------------+-------+-------+-------+-------++-------
Melee: War axe           |   111 |    97 |   259 |   243 ||   710
Invok: Divine Shield     |       |       |     1 |       ||     1
Evoke: Wand              |       |       |     5 |     8 ||    13
  Use: Scroll            |     3 |     5 |     8 |     2 ||    18
       Potion            |       |       |     2 |     1 ||     3
  Eat: Chunk             |     2 |     4 |     8 |     9 ||    23
       Ration            |       |       |     1 |       ||     1
Armor: Scale mail        |    64 |       |       |       ||    64
       Chain mail        |     1 |    80 |    39 |       ||   120
       Plate armour      |       |       |    98 |   103 ||   201
Dodge: Dodged            |    44 |    35 |    67 |    61 ||   207
Block: Shield            |    65 |    82 |   185 |   144 ||   476

Table legend:
 A = Non-vault XP
 B = Vault XP
 C = Vault XP percentage of total XP
 D = Non-vault monster count
 E = Vault monster count
 F = Vault count percentage of total count
                 A         B        C        D         E       F
            +---------+---------+-------+---------+---------+-------
      Total |    8814 |    6235 |  41.4 |     205 |      19 |   8.5
            +---------+---------+-------+---------+---------+-------
        D:1 |      29 |       0 |   0.0 |      11 |       0 |   0.0
        D:2 |      44 |       1 |   2.2 |      21 |       1 |   4.5
        D:3 |      81 |       0 |   0.0 |      16 |       0 |   0.0
        D:4 |     436 |       4 |   0.9 |      11 |       1 |   8.3
        D:5 |     197 |       0 |   0.0 |      18 |       0 |   0.0
        D:6 |    1480 |     349 |  19.1 |      35 |       7 |  16.7
        D:7 |     499 |       0 |   0.0 |      21 |       0 |   0.0
        D:8 |     770 |    2273 |  74.7 |      18 |       7 |  28.0
        D:9 |    4485 |    1374 |  23.5 |      47 |       2 |   4.1
       D:10 |     793 |    2234 |  73.8 |       7 |       1 |  12.5
            +---------+---------+-------+---------+---------+-------
